 Dungeon Sprint DCSS version 0.30-b1-2-g02819fbbbe (webtiles) character file.

Game seed: 14810908608810676587

5707 Groucho the Imperceptible (level 10, -4/56 HPs)
             Began as a Felid Berserker on May 3, 2023.
             Was a High Priest of Trog.
             Killed by an exploding hellwing (16 damage)
             ... ignited by their inner flame
             ... in the Dungeon (Sprint I: "Red Sonja").
             The game lasted 00:08:49 (1574 turns).

Groucho the Imperceptible (Felid Berserker)         Turns: 1574, Time: 00:08:49

Health: -4/56      AC:  3    Str: 12    XL:     10   Next: 48%
Magic:  11/11      EV: 37    Int:  8    God:    Trog [*****.]
Gold:   2237       SH:  0    Dex: 24    Spells: 9/9 levels left
                                        Lives:  0   Deaths: 3

rFire   + .          .
                       - Unarmed
rCold   . . .        (shield unavailable)
rNeg    . . .        (body armour unavailable)
rPois   .            (helmet unavailable)
rElec   .            (cloak unavailable)
rCorr   .            (gloves unavailable)
SInv    +            (boots unavailable)
Will    +++..        (no amulet)
Stlth   ++++++++++   f - ring of fire
HPRegen 1.29/turn    (no ring)
MPRegen 0.12/turn

%: no teleportation
@: strong-willed, mesmerised, regenerating, quick
A: very small, claws 1, fangs 3, see invisible, speed 1, shaggy fur 3, stealthy
paws, no weapons or thrown items, no armour, multi-lived, agile 1, deterioration
2
a: Renounce Religion, Berserk, Trog's Hand, Brothers in Arms


You were in the Dungeon.
You worshipped Trog.
Trog was extremely pleased with you.
You visited 1 branch You collected 2445 gold pieces.
You spent 208 gold pieces at shops.

Inventory:

Jewellery
 f - a ring of fire (left paw)
 n - a +5 ring of evasion
Wands
 g - a wand of paralysis (3)
Scrolls
 i - a scroll of identify {unknown}
 j - a scroll of fog {unknown}
 o - a scroll of immolation
Potions
 a - 4 potions of curing
 b - a potion of heal wounds
 c - a potion of haste
 d - 3 potions of magic
 e - a potion of berserk rage
 h - a potion of resistance {unknown}
 k - a potion of attraction {unknown}
 l - a potion of brilliance {unknown}
 m - a potion of lignification {unknown}
 p - 2 potions of invisibility


   Skills:
 + Level 14.3 Fighting
 + Level 18.2 Dodging
 + Level 26.3 Stealth
 + Level 14.3 Unarmed Combat


You had 9 spell levels left.
You didn't know any spells.
Your spell library was empty.

Dungeon Overview and Level Annotations

Branches:
Dungeon (1/1)

Altars:
Cheibriados
Dithmenos
Elyvilon
Fedhas
Gozag
Hepliaklqana
Kikubaaqudgha
Makhleb
Nemelex Xobeh
Okawaru
Qazlal
Ru
Sif Muna
Trog
Uskayaw
Vehumet
Wu Jian
Xom
Yredelemnul
Zin
The Shining One
Jiyva
Lugonu

Shops:
D [(:=(**[((=**:(?[([[(*


Innate Abilities, Weirdness & Mutations

You have sharp claws.
You have razor-sharp teeth.
You have supernaturally acute eyesight. (SInv)
You cover ground quickly. (Speed+)
Your thick and shaggy fur keeps you warm. (AC +3, rC+)
Your paws help you pounce on unaware monsters.
You are incapable of wielding weapons or throwing items.
You cannot wear armour.
You gain extra lives every three experience levels.
You are agile. (Dex +4, Str/Int -1)
Your body often deteriorates upon taking damage.


Message History

The deep elf annihilator blinks!
The hellwing completely misses you. x2
Unknown command.
Your two-headed ogre goes berserk!
The hornet misses you. The hornet completely misses you.
The hellwing misses you. The hellwing completely misses you.
Unknown command.
Unknown command.
The hornet misses you. x2; Your deep troll bites the hornet!!
Trog accepts your kill.
The hornet explodes!
The fiery explosion engulfs your deep troll!!
Your deep troll is moderately wounded.
The fiery explosion engulfs the hornet!
Flame seeps out of the hornet.
The hornet is almost dead.
The fiery explosion engulfs the hornet!
Flame seeps out of the hornet.
The hornet is almost dead.
The fiery explosion engulfs you! You resist.
The fiery explosion engulfs the hornet!!
Trog accepts your kill.
The fiery explosion engulfs the hellwing!!
Flame seeps out of the hellwing.
The hellwing is heavily wounded.
The hornet explodes!
The fiery explosion engulfs the hornet!
Trog accepts your kill.
The fiery explosion engulfs the deep elf annihilator!!
Flame seeps out of the deep elf annihilator.
The deep elf annihilator is almost dead.
The fiery explosion engulfs the hornet!!
Trog accepts your kill.
The hornet explodes!
The fiery explosion engulfs you! You resist.
* * * LOW HITPOINT WARNING * * *
The fiery explosion engulfs the hellwing!!
Trog accepts your kill.
The hellwing explodes!
The fiery explosion engulfs your two-headed ogre!
Your two-headed ogre is moderately wounded.
The fiery explosion engulfs you! You resist.
You die...

#######################
§§.††§§.§..†§§#..'§...#
§####§..§§##$.'†.#.§§.##
§#
##§§§#######'#.§)§.#####
§# ###+# #§§#§§§§.#...#
## #§O##.§§.#.∩.#
#T@§###'##...#
#§§§§)#.####§#
#§§§§##'#§§§.##
#§e§##...§§§§.##
#.m≈#§.§.......#
≈..##.§§§§.§...##
M≈..#......:§....#
##..#....§:[.....#
'..##..........##


You could see a deep elf annihilator (inner flame), a merfolk siren
(mesmerising, inner flame), a friendly two-headed ogre (summoned, berserk) and a
friendly deep troll (summoned, berserk).

Vanquished Creatures
  A golden dragon (D)
  A shadow dragon (D)
  2 centaur warriors (D)
  Sonja (D)
  A lindwurm (D)
  An oklob plant (D)
  A merfolk siren (D)
  2 demonic crawlers (D)
  2 unseen horrors (D)
  2 kobold demonologists (D)
  A hellwing (D)
  4 hornets (D)
  A slime creature (D)
  Sigmund (D)
  A yak (D)
  13 hogs (D)
  2 redbacks (D)
  5 floating eyes (D)
  An ogre (D)
  7 necrophages (D)
  8 jellies (D)
  Ijyb (D)
59 creatures vanquished.

Vanquished Creatures (collateral kills)
  A deep troll (D)
  8 shining eyes (D)
  2 demonic crawlers (D)
  A hornet (D)
  A floating eye (D)
13 creatures vanquished.

Vanquished Creatures (others)
  A floating eye (D)
  2 ballistomycete spores (D)
3 creatures vanquished.

Grand Total: 75 creatures vanquished

Notes
Turn   | Place    | Note
-------+----------+-------------------------------------------
     0 | D        | Groucho the Felid Berserker began the quest for the Orb.
     0 | D        | Reached XP level 1. HP: 10/10 MP: 2/2
     2 | D        | Noticed Ijyb
     8 | D        | Killed Ijyb
     9 | D        | Reached skill level 8 in Stealth
     9 | D        | Reached XP level 2. HP: 14/14 MP: 3/3
    39 | D        | Noticed an ogre
    41 | D        | Killed an ogre
    42 | D        | Reached skill level 12 in Stealth
    42 | D        | Reached XP level 3. HP: 17/17 MP: 4/4
    42 | D        | Reached XP level 4. HP: 21/21 MP: 5/5
    55 | D        | Noticed Sigmund
    57 | D        | Killed Sigmund
    57 | D        | Reached ** piety under Trog
    58 | D        | Reached skill level 17 in Stealth
    58 | D        | Reached XP level 5. HP: 24/24 MP: 6/6
    58 | D        | Gained mutation: You are covered in thick fur. (AC +2)
                  | [Felid growth]
    58 | D        | Reached XP level 6. HP: 28/28 MP: 7/7
    71 | D        | Found a shimmering blue altar of Sif Muna.
    72 | D        | Found an ornate altar of the Wu Jian Council.
    73 | D        | Found a radiant altar of Vehumet.
   421 | D        | Found Pukh's Jewellery Emporium.
   421 | D        | Found an ancient bone altar of Kikubaaqudgha.
   421 | D        | Found a hazy altar of Hepliaklqana.
   421 | D        | Found a stormy altar of Qazlal.
   421 | D        | Found a hide-covered altar of Uskayaw.
   421 | D        | Found a blossoming altar of Fedhas.
   421 | D        | Found a bloodstained altar of Trog.
   421 | D        | Found an iron altar of Okawaru.
   421 | D        | Found a basalt altar of Yredelemnul.
   421 | D        | Found a glowing golden altar of the Shining One.
   421 | D        | Found a snail-covered altar of Cheibriados.
   421 | D        | Found a sacrificial altar of Ru.
   421 | D        | Found a glowing silver altar of Zin.
   421 | D        | Found a shadowy altar of Dithmenos.
   421 | D        | Found a white marble altar of Elyvilon.
   421 | D        | Noticed a yak
   422 | D        | Found an opulent altar of Gozag.
   423 | D        | Killed a yak
   424 | D        | Reached skill level 19 in Stealth
   424 | D        | Found a sparkling altar of Nemelex Xobeh.
   442 | D        | Found a burning altar of Makhleb.
   442 | D        | Found a shimmering altar of Xom.
   442 | D        | Noticed a slime creature
   443 | D        | Found a viscous altar of Jiyva.
   443 | D        | Found a corrupted altar of Lugonu.
   445 | D        | Killed a slime creature
   445 | D        | Reached *** piety under Trog
   446 | D        | Reached skill level 5 in Dodging
   446 | D        | Reached XP level 7. HP: 32/32 MP: 8/8
   459 | D        | Noticed a centaur warrior
   459 | D        | Noticed a centaur warrior
   460 | D        | Killed a centaur warrior
   461 | D        | Reached skill level 20 in Stealth
   461 | D        | Reached XP level 8. HP: 38/38 MP: 9/9
   461 | D        | Killed a centaur warrior
   462 | D        | Reached skill level 21 in Stealth
   471 | D        | Noticed a hornet
   474 | D        | Killed a hornet
   475 | D        | Reached skill level 10 in Dodging
   475 | D        | Reached XP level 9. HP: 44/44 MP: 10/10
   484 | D        | Noticed an oklob plant
   486 | D        | Killed an oklob plant
   486 | D        | Reached **** piety under Trog
   495 | D        | Reached skill level 22 in Stealth
   525 | D        | Noticed an unseen horror
   525 | D        | Noticed an unseen horror
   531 | D        | Killed an unseen horror
   531 | D        | Reached ***** piety under Trog
   533 | D        | Killed an unseen horror
   552 | D        | Reached ****** piety under Trog
   598 | D        | Found Sykisof's Antique Armour Shoppe.
   598 | D        | Found Ozitralo's General Store.
   598 | D        | Found Buurats's Weapon Boutique.
   600 | D        | Found Zonijiud's Weapon Emporium.
   600 | D        | Found Ciqiarit's Jewellery Shop.
   600 | D        | Found Othram's General Store.
   600 | D        | Found Nohuc's General Store.
   600 | D        | Found Weow's Book Emporium.
   600 | D        | Found Manacsih's Weapon Shop.
   600 | D        | Found Ytonaa's Magic Scroll Shoppe.
   604 | D        | Found Solimaf's Antique Armour Boutique.
   605 | D        | Found Puqoam's Antique Armour Emporium.
   605 | D        | Found Ubonuame's Weapon Boutique.
   606 | D        | Found Qojypn's Weapon Emporium.
   654 | D        | Noticed a deep troll
   658 | D        | HP: 2/46 [deep troll (8)]
   658 | D        | Slain by a deep troll
   659 | D        | Reached XP level 8. HP: -1/43 MP: 9/9
   685 | D        | Killed a deep troll
   686 | D        | Reached skill level 10 in Fighting
   686 | D        | Reached skill level 23 in Stealth
   686 | D        | Reached skill level 10 in Unarmed Combat
   686 | D        | Reached XP level 9. HP: 46/46 MP: 10/10
   699 | D        | Found Fenim's Armour Emporium.
   710 | D        | Noticed Sonja
   713 | D        | Killed Sonja
   773 | D        | Found Bucuw's Armour Boutique.
   778 | D        | Noticed a shining eye
   778 | D        | Noticed a shining eye
   778 | D        | Noticed a shining eye
   778 | D        | Noticed a shining eye
   778 | D        | Noticed a shining eye
   778 | D        | Noticed a shining eye
   782 | D        | Gained mutation: Your body sometimes deteriorates upon
                  | taking damage. [a shining eye]
   785 | D        | Gained mutation: Your thick and shaggy fur keeps you warm.
                  | (AC +3, rC+) [a shining eye]
   786 | D        | Gained mutation: Your body often deteriorates upon taking
                  | damage. [a shining eye]
   787 | D        | Killed a shining eye
   788 | D        | Noticed a shining eye
   788 | D        | Noticed a shining eye
   788 | D        | Killed a shining eye
   789 | D        | Reached XP level 10. HP: 52/52 MP: 11/11
   789 | D        | Killed a shining eye
   789 | D        | Killed a shining eye
   790 | D        | Reached skill level 24 in Stealth
   790 | D        | Gained mutation: You are agile. (Dex +4, Str/Int -1) [a
                  | shining eye]
   792 | D        | Killed a shining eye
   793 | D        | Reached skill level 15 in Dodging
   793 | D        | Killed a shining eye
   796 | D        | Killed a shining eye
   796 | D        | Killed a shining eye
   799 | D        | Found Xokhlurao's Antique Weapon Shoppe.
   799 | D        | Found Hogeigh's Weapon Shop.
   799 | D        | Found Inlal's Book Emporium.
   799 | D        | Found Xeaceix's General Store.
   892 | D        | Noticed a demonic crawler
   892 | D        | Noticed a demonic crawler
   892 | D        | Noticed a demonic crawler
   892 | D        | Noticed a demonic crawler
   894 | D        | Killed a demonic crawler
   895 | D        | Killed a demonic crawler
   896 | D        | Reached XP level 11. HP: 57/57 MP: 12/12
   905 | D        | Reached skill level 25 in Stealth
  1301 | D        | Noticed a lindwurm
  1304 | D        | Killed a lindwurm
  1382 | D        | Noticed a 12-headed hydra
  1385 | D        | Slain by a 12-headed hydra
  1386 | D        | Reached XP level 10. HP: 0/55 MP: 11/11
  1402 | D        | Paralysed by a floating eye for 4 turns
  1402 | D        | Slain by a 12-headed hydra
  1403 | D        | Reached XP level 9. HP: -2/51 MP: 10/10
  1403 | D        | Noticed a shadow dragon
  1403 | D        | Noticed a golden dragon
  1408 | D        | Killed a shadow dragon
  1410 | D        | Killed a golden dragon
  1411 | D        | Reached skill level 26 in Stealth
  1411 | D        | Reached XP level 10. HP: 56/56 MP: 11/11
  1479 | D        | Found Offeel's General Store.
  1498 | D        | Bought 2 potions of invisibility for 208 gold pieces
  1562 | D        | Noticed a merfolk siren
  1563 | D        | Noticed a deep elf annihilator
  1565 | D        | Noticed a merfolk siren
  1567 | D        | Noticed a mummy priest
  1568 | D        | Killed a merfolk siren
  1574 | D        | Killed by an exploding hellwing... ignited by their inner
                  | flame

Illustrated notes

Levels and vault maps discovered:
D:        dungeon_sprint_1 [red_sonja_temple_1, red_sonja_temple_small_1]

Skill      XL: |  1  2  3  4  5  6  7  8  9 10 11 |
---------------+----------------------------------+-----
Stealth        | 8 12 17 19 20 23 26 24 25 | 26.3
Fighting       | 4 6 10 14 12 13 | 14.3
Dodging        | 5 8 13 18 16 17 | 18.2
Unarmed Combat | 4 6 10 14 12 13 | 14.3

Action                     |  1- 3 |  4- 6 |  7- 9 | 10-12 || total
---------------------------+-------+-------+-------+-------++-------
  Melee: Unarmed           |     6 |     8 |    57 |    64 ||   135
         Bite              |     1 |     1 |     3 |     3 ||     8
         Punch             |       |       |     3 |     4 ||     7
 Invoke: Berserk           |     1 |       |       |       ||     1
         Brothers in Arms  |       |       |     4 |     6 ||    10
         Trog's Hand       |       |       |     1 |     2 ||     3
    Use: Scroll            |       |       |     1 |     1 ||     2
   Stab: Sleeping          |     1 |     3 |    20 |     9 ||    33
 Armour: Skin              |       |       |     3 |     2 ||     5
  Dodge: Dodged            |     2 |     3 |    50 |    96 ||   151
